 Dungeon Crawl Stone Soup version 0.28.0-45-g0d030f2227 (webtiles) character file.

Game seed: 11512983817016260838

3175 pkoi the Sneak (level 9, 0/67 (75) HPs)
             Began as a Demigod Brigand on Apr 19, 2022.
             Slain by a tengu warrior
             ... wielding a +2 great mace of draining
              (8 damage)
             ... on level 9 of the Dungeon.
             The game lasted 00:15:57 (13153 turns).

pkoi the Sneak (Demigod Brigand)                   Turns: 13153, Time: 00:15:57

HP:   0/67 (75)     AC: 11    Str: 14    XL:     9   Next: 37%
MP:   8/16          EV: 11    Int: 31    God:
Gold: 188           SH:  0    Dex: 15    Spells: 8/14 levels left

rFire   . . .      SeeInvis .   a - +2 dagger
rCold   . . .      Faith    .   (no shield)
rNeg    . . .      Spirit   .   K - +5 robe of Gallantry {Regen+ Str+2}
rPois   .          Reflect  .   (no helmet)
rElec   .          Harm     .   c - +0 cloak
rCorr   .          Rampage  .   I - +1 pair of gloves
Will    .....                   g - +0 pair of boots
Stlth   +++.......              (no amulet)
HPRegen 1.01/turn               A - +6 ring of intelligence
MPRegen 0.15/turn               u - ring of wizardry

@: heavily drained
A: high MP 1, forlorn, divine attributes
a: no special abilities


You were on level 9 of the Dungeon.
You visited 2 branches of the dungeon, and saw 10 of its levels.

You collected 475 gold pieces.
You spent 287 gold pieces at shops.

Inventory:

Hand Weapons
 a - a +2 dagger (weapon)
 b - the +9 hunting sling "Jefont" {freeze, rPois Int-2 Dex+3}
   (You found it on level 6 of the Dungeon)

   Any ammunition fired from it freezes those it strikes, dealing additional
   cold damage.
   It can also slow down cold-blooded creatures.
   Int:       It affects your intelligence (-2).
   Dex:       It affects your dexterity (+3).
   rPois:     It protects you from poison.
 k - a +2 whip of venom
 n - a +2 flail of venom
Missiles
 d - 16 poisoned darts (quivered)
 e - 2 curare-tipped darts
 i - a throwing net
 m - 2 javelins
 y - 50 sling bullets
 z - 258 stones
Armour
 c - a +0 cloak (worn)
 g - a +0 pair of boots (worn)
 s - the +4 leather armour of the Solstice {Drain rPois rC+ Str+4}
   (You found it on level 5 of the Dungeon)

   Str:       It affects your strength (+4).
   rC:        It protects you from cold.
   rPois:     It protects you from poison.
   Drain:     It drains your maximum health when unequipped.
 I - a +1 pair of gloves (worn)
 K - the +5 robe of Gallantry (worn) {Regen+ Str+2}
   (You bought it in a shop on level 7 of the Dungeon)

   Str:       It affects your strength (+2).
   Regen:     It increases your rate of health regeneration.
Jewellery
 u - a ring of wizardry (right hand)
 A - a +6 ring of intelligence (left hand)
 J - an amulet of guardian spirit
 L - a ring of flight
Wands
 j - a wand of polymorph (4)
 w - a wand of acid (9)
 x - a wand of flame (30)
Scrolls
 h - 3 scrolls of teleportation
 t - a scroll of fog
 v - a scroll of identify
 B - 2 scrolls of summoning
Potions
 f - 3 potions of haste
 l - 5 potions of curing
 o - 2 potions of mutation {unknown}
 p - 2 potions of heal wounds
 q - 2 potions of attraction {unknown}
 r - a potion of magic {unknown}
 C - a potion of resistance
 E - a potion of berserk rage
 M - a potion of brilliance {unknown}


   Skills:
 + Level 5.8 Fighting
 + Level 5.7 Short Blades
 - Level 1.7 Throwing
 + Level 3.9 Armour
 - Level 0.8 Dodging
 + Level 6.1 Stealth
 - Level 0.1 Unarmed Combat
 - Level 3.0 Spellcasting
 + Level 4.1 Hexes
 + Level 1.0 Summonings
 + Level 4.1 Ice Magic


You had 8 spell levels left.
You knew the following spells:

 Your Spells              Type           Power      Damage    Failure   Level
a - Ensorcelled Hibernat  Hex/Ice        60%        N/A       1%          2
b - Summon Ice Beast      Ice/Summ       20%        N/A       9%          4

Your spell library contained the following spells:

 Spells                   Type           Power      Damage    Failure   Level
 Shock                    Conj/Air       16%        1d4       2%          1
 Animate Armour           Summ/Erth      14%        N/A       21%         4
 Summon Forest            Summ/Tloc      3%         N/A       50%         5
 Fireball                 Conj/Fire      2%         3d4       56%         5
 Starburst                Conj/Fire      2%         6d3       98%         6
 Ignition                 Fire           2%         3d3       100%        8


Dungeon Overview and Level Annotations

Branches:
Dungeon (9/15)             Temple (1/1) D:5
   Lair: D:8-11         Orc: D:9-12

Shops:
D:4 ?   D:7 (*=*   D:9 (

Annotations:
D:6 2 runed translucent doors, Crazy Yiuf; NinjaNoafa's ghost, novice HOFi
D:7 Harold
D:8 2 transporters, zeratav's ghost, novice OpTm


Innate Abilities, Weirdness & Mutations

You have an increased reservoir of magic. (+10% MP)
You shall have no god before yourself.
Your divine heritage dramatically boosts your attributes as you level up.


Message History

The tengu conjurer hits you.
* * * LOW HITPOINT WARNING * * *
The tengu conjurer pecks you but does no damage.
The tengu conjurer claws you but does no damage.
Unknown command.
Casting: Ensorcelled Hibernation (safe; 1% risk of failure)
Confirm with . or Enter, or press ? or * to list all spells.
Aiming: Ensorcelled Hibernation (safe; 1% risk of failure)
Press: ? - help, Shift-Dir - straight line, f - tengu conjurer
Aim: a tengu conjurer (chance to affect: 60%)
The tengu conjurer resists with significant effort.
The tengu warrior completely misses you.
The tengu warrior pecks you.
* * * LOW HITPOINT WARNING * * *
The tengu warrior claws you but does no damage.
The tengu conjurer hits you.
* * * LOW HITPOINT WARNING * * *
The tengu conjurer pecks you but does no damage.
The tengu conjurer claws you.
* * * LOW HITPOINT WARNING * * *
Casting: Ensorcelled Hibernation (safe; 1% risk of failure)
Confirm with . or Enter, or press ? or * to list all spells.
Aiming: Ensorcelled Hibernation (safe; 1% risk of failure)
Press: ? - help, Shift-Dir - straight line, f/p - tengu conjurer
Aim: a tengu conjurer (chance to affect: 60%)
The tengu conjurer looks drowsy...
The tengu warrior hits you with a +2 great mace of draining!
* * * LOW HITPOINT WARNING * * *
You feel drained.
* * * LOW HITPOINT WARNING * * *
The tengu warrior pecks you but does no damage.
The tengu warrior misses you.
Unknown command.
The helpless tengu conjurer fails to defend itself.
You perforate the tengu conjurer like a sieve!!!
You kill the tengu conjurer!
The tengu warrior hits you with a +2 great mace of draining!!
* * * LOW HITPOINT WARNING * * *
You feel drained.
You die...

.........>.......###+#...# #...
...............## #...# #...
...............# #...# #...
...............# #...# #...
...............# #...# #...
...............# #...#####...
...............# #...........
........#####..#######...######..
..##'##.# #...@Q.......#....#..
..#...'.# #....†.......+....#..
..#...#.# #..........⌠.⌠....#..
..#...#.# #...........∩.....#..
..#...# #.#########⌠.⌠....'..
..#...# #.# #..#....#.. ..#...# #
#. #..#....#.. ..#####.# #.
#..#....#.. ......... #..#....#..


You could see a tengu warrior.

Vanquished Creatures
  A tengu conjurer (D:9)
  2 wyverns (D:9)
  A steam dragon (D:7)
  2 water moccasins
  An orc warrior (D:9)
  2 sky beasts
  2 ice beasts (D:6)
  An ogre (D:5)
  2 centaurs
  A bullfrog (D:7)
  A gnoll sergeant (D:7)
  A wyvern zombie (D:8)
  A water moccasin skeleton (D:4)
  9 killer bees
  3 wights
  A howler monkey (D:5)
  3 hounds
  2 orc priests (D:6)
  4 centaur zombies
  2 jellies
  A centaur skeleton (D:4)
  6 iguanas
  Terence (D:2)
  4 orc wizards
  Natasha (thrice) (D:3)
  2 killer bee zombies (D:7)
  A hound zombie (D:5)
  A hound skeleton (D:5)
  A howler monkey zombie (D:6)
  8 adders
  7 gnolls
  A shadow imp (D:7)
  A white imp (D:5)
  2 ufetubi
  An adder skeleton (D:4)
  2 dart slugs
  12 orcs
  6 endoplasms
  10 giant cockroaches
  5 goblins (D:1)
  4 hobgoblins
  6 quokkas
  7 ball pythons
  3 bats (D:1)
  3 frilled lizards (D:1)
  7 kobolds
  5 rats
152 creatures vanquished.

Vanquished Creatures (collateral kills)
  A centaur zombie (D:9)
1 creature vanquished.

Vanquished Creatures (others)
  An orc (D:8)
  2 fungi (D:3)
3 creatures vanquished.

Grand Total: 156 creatures vanquished

Notes
Turn   | Place    | Note
-------+----------+-------------------------------------------
     0 | D:1      | pkoi the Demigod Brigand began the quest for the Orb.
     0 | D:1      | Reached XP level 1. HP: 17/17 MP: 3/3
   497 | D:1      | Reached XP level 2. HP: 24/24 MP: 4/4
   957 | D:1      | Reached skill level 4 in Stealth
  1054 | D:2      | Reached XP level 3. HP: 27/30 MP: 5/5
  1946 | D:2      | Got the Catalogue of Glacial Calling
  2678 | D:3      | Noticed Terence
  3225 | D:3      | Noticed Natasha
  3234 | D:3      | Killed Natasha
  3235 | D:3      | Reached XP level 4. HP: 10/37 MP: 6/6
  3571 | D:2      | Killed Terence
  3708 | D:3      | Got Plato's Catalogue of the Birds
  3802 | D:3      | Noticed Natasha
  3816 | D:3      | Killed Natasha
  3827 | D:3      | Noticed Natasha
  3835 | D:3      | Killed Natasha
  3836 | D:3      | Reached XP level 5. HP: 26/45 MP: 7/7
  4485 | D:4      | Noticed a black bear
  4579 | D:4      | Reached skill level 5 in Stealth
  4639 | D:4      | Found Xutwoz's Magic Scroll Shop.
  5034 | D:4      | Reached XP level 6. HP: 42/52 MP: 8/8
  5129 | D:4      | Learned a level 2 spell: Ensorcelled Hibernation
  5320 | D:5      | Entered Level 5 of the Dungeon
  5930 | D:5      | Identified the +4 leather armour of the Solstice {Drain
                  | rPois rC+ Str+4}
  5950 | D:5      | Found a staircase to the Ecumenical Temple.
  5964 | Temple   | Entered the Ecumenical Temple
  6374 | D:5      | Reached skill level 1 in Hexes
  6666 | D:5      | Reached skill level 1 in Ice Magic
  6715 | D:5      | Reached skill level 1 in Spellcasting
  7047 | D:6      | Identified the +9 hunting sling "Jefont" {freeze, rPois
                  | Int-2 Dex+3}
  7558 | D:6      | Reached XP level 7. HP: 53/59 MP: 11/11
  7597 | D:6      | Reached skill level 1 in Armour
  8013 | D:6      | Found a runed translucent door.
  8014 | D:6      | Noticed Crazy Yiuf
  8337 | D:6      | Found a runed translucent door.
  8349 | D:6      | Reached XP level 8. HP: 67/67 MP: 12/14
  8390 | D:6      | Reached skill level 6 in Stealth
  8685 | D:6      | Noticed NinjaNoafa's ghost (novice HOFi)
  8951 | D:7      | Found Ucohyes's Jewellery Shoppe.
  8964 | D:7      | Found Dihoiptatowk's Antique Weapon Emporium.
  9060 | D:7      | Reached skill level 5 in Fighting
  9703 | D:7      | Noticed Harold
  9715 | D:7      | Found Yrofokh's Assorted Antiques.
  9724 | D:7      | Reached skill level 5 in Short Blades
 10060 | D:7      | Bought a wizard robe for 125 gold pieces
 10060 | D:7      | Identified the +5 robe of Gallantry {Regen+ Str+2} (You
                  | bought it in a shop on level 7 of the Dungeon)
 10216 | D:7      | Found Peuzud's Assorted Antiques.
 11038 | D:8      | Found a transporter.
 11045 | D:8      | Noticed a centaur warrior
 11226 | D:8      | Found a transporter.
 11234 | D:8      | Noticed zeratav's ghost (novice OpTm)
 11269 | D:8      | Reached XP level 9. HP: 23/74 MP: 16/16
 12014 | D:9      | Noticed a tengu warrior
 12161 | D:8      | Learned a level 4 spell: Summon Ice Beast
 12412 | D:9      | Found Idajuoh's Antique Weapon Emporium.
 12489 | D:7      | Bought a transparent morningstar for 162 gold pieces
 12489 | D:7      | Identified the +1 morningstar of Circular Logic {drain,
                  | rPois rC+ Int-3} (You bought it in a shop on level 7 of the
                  | Dungeon)
 13005 | D:9      | Reached skill level 1 in Summonings
 13140 | D:9      | Noticed a tengu conjurer
 13153 | D:9      | Killed a tengu conjurer
 13153 | D:9      | Slain by a tengu warrior

Illustrated notes

Levels and vault maps discovered:
D:1:      minmay_arrival_four_houses, layout_rooms, minmay_statues_item
D:2:      layout_loops_corners, serial_park_tiny_1, minmay_pentomino_p2
D:3:      layout_basic, shapermc_ecumenical_altar_rom_forum, uniq_terence,
          uniq_natasha
D:4:      layout_basic, mainiacjoe_overflow_concentric_impassable, serial_shops,
          nicolae_shop_behind_doors
D:5:      layout_loops_ring, minmay_temple_entry_statues_pillars,
          corner_web_ring, dk_noncrumbling_4, minmay_misc_feat_four_crosses,
          minmay_misc_feat_tower
D:6:      layout_rooms, gup_sewer_entry_pipe, ebering_ghost_reflecting_pool,
          uniq_crazy_yiuf_cottage
D:7:      layout_basic, serial_shops, nicolae_take_the_stairs,
          nicolae_inconvenience_store, shop, shop, uniq_harold
D:8:      lemuel_ice_spiral_2, layout_basic, nzn_ghost_randoct
D:9:      layout_irregular_city, serial_shops, shop_fountains
Temple:   mainiacjoe_temple_trianglar_array

Skill      XL: |  1  2  3  4  5  6  7  8  9 |
---------------+----------------------------+-----
Fighting       | 2 3 4 5 |  5.8
Short Blades   | 2 3 4 5 |  5.7
Stealth        | 4 5 6 |  6.1
Hexes          | 1 2 3 4 |  4.1
Ice Magic      | 1 2 3 4 |  4.1
Spellcasting   | 1 2 3 |  3.0
Armour         | 2 3 |  3.9
Summonings     | 1 |  1.0
Throwing       | |  1.7
Dodging        | |  0.8
Unarmed Combat | |  0.1

Action                   |  1- 3 |  4- 6 |  7- 9 || total
-------------------------+-------+-------+-------++-------
Melee: Dagger            |    67 |       |    17 ||    84
       Whip              |    70 |   120 |     6 ||   196
       Unarmed           |       |     4 |       ||     4
       Punch             |       |     1 |       ||     1
 Fire: Hunting sling     |       |     4 |   212 ||   216
 Cast: Ensorcelled Hiber |       |       |     8 ||     8
Evoke: Wand              |       |       |     1 ||     1
  Use: Scroll            |     5 |     1 |     9 ||    15
       Potion            |     2 |       |       ||     2
 Stab: Sleeping          |     8 |     5 |     6 ||    19
       Distracted        |       |     1 |       ||     1
Armor: Robe              |    34 |    31 |    39 ||   104
Dodge: Dodged            |    66 |    74 |    88 ||   228
